 Dungeon Crawl Stone Soup version 0.28-a0-664-gc179e30c89 (webtiles) character file.

Game seed: 6478497828740618916

199 kipponium the Sneak (level 5, -3/43 HPs)
             Began as a Gnoll Brigand on Oct 16, 2021.
             Was a Believer of Nemelex Xobeh.
             Splashed by a jelly's acid (5 damage)
             ... on level 5 of the Dungeon.
             The game lasted 00:08:07 (2980 turns).

kipponium the Sneak (Gnoll Brigand)                 Turns: 2980, Time: 00:08:08

Health: -3/43      AC: -8    Str:  9 (10) XL:     5   Next: 77%
Magic:  17/17      EV: 12    Int:  9 (11) God:    Nemelex Xobeh [**....]
Gold:   96         SH:  0    Dex: 12      Spells: 7/7 levels left

rFire   . . .      SeeInvis .   a - +2 dagger
rCold   . . .      Faith    .   (no shield)
rNeg    . . .      Spirit   .   b - +0 robe
rPois   .          Reflect  .   (no helmet)
rElec   .          Harm     .   c - +0 cloak
rCorr   .          Rampage  .   (no gloves)
Will    .....                   (no boots)
Stlth   ++++......              (no amulet)
HPRegen 0.14/turn               j - ring of magical power
MPRegen 0.15/turn               (no ring)

@: corroded
A: fangs 1, strong nose, distributed training, clumsy 1, high mp 1
a: Renounce Religion, Draw Escape, Draw Destruction, Draw Summoning


You were on level 5 of the Dungeon.
You worshipped Nemelex Xobeh.
Nemelex Xobeh was pleased with you.
You visited 1 branch of the dungeon, and saw 4 of its levels.

You collected 96 gold pieces.

Inventory:

Hand Weapons
 a - a +2 dagger (weapon)
 f - a +0 hunting sling
Missiles
 d - 33 poisoned darts (quivered)
 e - 2 curare-tipped darts
Armour
 b - a +0 robe (worn)
 c - a +0 cloak (worn)
Jewellery
 j - a ring of magical power (left hand)
 n - a ring of ice
 o - a +6 ring of dexterity
Scrolls
 g - 3 scrolls of identify {unknown}
 h - 2 scrolls of magic mapping {unknown}
 i - a scroll of brand weapon {unknown}
 k - a scroll of fear {unknown}
 m - a scroll of enchant armour {unknown}


   Skills:
 + Level 4.8 Fighting
 + Level 4.8 Short Blades
 + Level 1.6 Long Blades
 + Level 1.6 Axes
 + Level 1.6 Maces & Flails
 + Level 1.6 Polearms
 + Level 1.6 Staves
 + Level 1.6 Slings
 + Level 1.6 Bows
 + Level 1.6 Crossbows
 + Level 4.8 Throwing
 + Level 1.6 Armour
 + Level 3.0 Dodging
 + Level 7.9 Stealth
 + Level 1.6 Shields
 + Level 1.6 Unarmed Combat
 + Level 1.6 Spellcasting
 + Level 1.3 Conjurations
 + Level 1.3 Hexes
 + Level 1.3 Summonings
 + Level 1.3 Necromancy
 + Level 1.3 Translocations
 + Level 1.3 Transmutations
 + Level 1.3 Fire Magic
 + Level 1.3 Ice Magic
 + Level 1.3 Air Magic
 + Level 1.3 Earth Magic
 + Level 1.3 Poison Magic
 + Level 1.8 Invocations
 + Level 1.6 Evocations


You had 7 spell levels left.
You didn't know any spells.
Your spell library contained the following spells:

 Spells                   Type           Power      Damage    Failure   Level
 Magic Dart               Conj           12%        1d3       21%         1
 Searing Ray              Conj           6%         2d4       30%         2
 Inner Flame              Hex/Fire       3%         N/A       52%         3
 Cause Fear               Hex            1%         N/A       90%         4
 Fulminant Prism          Conj/Hex       1%         3d6       90%         4
 Discord                  Hex            1%         N/A       100%        8


Dungeon Overview and Level Annotations

Branches:
Dungeon (3/15)

Altars:
Fedhas
Nemelex Xobeh
Okawaru


Innate Abilities, Weirdness & Mutations

You have very sharp teeth.
Your uncanny sense of smell can sniff out nearby items.
Your experience applies equally to all skills.
You are clumsy. (Dex -2)
You have an increased reservoir of magic. (+10% MP)


Message History

You bite the jelly, but do no damage.
The jelly is moderately wounded.
The jelly hits you.
You are splashed with acid!
Throw: throwing net
Press: ? - help, Q - select action, (/) - cycle Shift-Dir - straight line, f - jelly
Aim: a jelly (moderately wounded, 90% to hit)
You throw a throwing net. The throwing net hits the jelly.
The jelly is caught in the net!
The jelly is moderately wounded.
You hit the jelly. The acid corrodes you!
Your hands burn!
The jelly is heavily wounded.
The jelly struggles against the net.
You hit the jelly but do no damage. The acid corrodes you!
Your hands burn!
The jelly is heavily wounded.
The jelly struggles against the net.
You hit the jelly but do no damage.
Your hands burn!
The jelly is heavily wounded.
The jelly struggles against the net.
You hit the jelly but do no damage.
Your hands burn!
* * * LOW HITPOINT WARNING * * *
The jelly is heavily wounded.
You hit the jelly.
Your hands burn!
* * * LOW HITPOINT WARNING * * *
The jelly is heavily wounded.
The jelly struggles against the net.
You hit the jelly but do no damage.
Your hands burn!
* * * LOW HITPOINT WARNING * * *
The jelly is heavily wounded.
The jelly struggles against the net.
The net rips apart, and the jelly comes free!
You hit the jelly but do no damage.
Your hands burn!
* * * LOW HITPOINT WARNING * * *
The jelly is heavily wounded.
The jelly closely misses you.
You hit the jelly but do no damage. The acid corrodes you!
Your hands burn!
* * * LOW HITPOINT WARNING * * *
The jelly is heavily wounded.
You hit the jelly but do no damage.
Your hands burn!
You die...
Your body disappears without a glow.

### #.# ####.##
###..
###.....###.....
#.......@.......
......#.....J.......
.c....#.............
#.###...............
# #...............
###.............
#..............
#..............
#..............


You could see a jelly.

Vanquished Creatures
  An orc priest (D:3)
  3 gnolls (D:3)
  6 adders
  A worm (D:3)
  2 dart slugs (D:1)
  4 orcs (D:3)
  8 ball pythons
  5 endoplasms
  A giant cockroach (D:2)
  13 goblins
  13 hobgoblins
  4 kobolds
  A quokka (D:3)
  3 bats
  2 frilled lizards
  6 rats
73 creatures vanquished.

Vanquished Creatures (others)
  22 plants (D:2)
22 creatures vanquished.

Grand Total: 95 creatures vanquished

Notes
Turn   | Place    | Note
-------+----------+-------------------------------------------
     0 | D:1      | kipponium the Gnoll Brigand began the quest for the Orb.
     0 | D:1      | Reached XP level 1. HP: 20/20 MP: 1/1
   133 | D:1      | Reached XP level 2. HP: 21/26 MP: 2/2
   563 | D:1      | Reached XP level 3. HP: 31/31 MP: 3/3
   886 | D:2      | Found a faded altar of an unknown god.
   896 | D:2      | Prayed at the altar of an unknown god.
   896 | D:2      | Became a worshipper of Nemelex Xobeh the Trickster
   896 | D:2      | Reached * piety under Nemelex Xobeh
   933 | D:2      | Reached skill level 1 in Invocations
  1266 | D:2      | Reached skill level 1 in Long Blades
  1266 | D:2      | Reached skill level 1 in Axes
  1266 | D:2      | Reached skill level 1 in Maces & Flails
  1266 | D:2      | Reached skill level 1 in Polearms
  1266 | D:2      | Reached skill level 1 in Staves
  1266 | D:2      | Reached skill level 1 in Slings
  1266 | D:2      | Reached skill level 1 in Bows
  1266 | D:2      | Reached skill level 1 in Crossbows
  1266 | D:2      | Reached skill level 1 in Armour
  1266 | D:2      | Reached skill level 1 in Shields
  1266 | D:2      | Reached skill level 1 in Unarmed Combat
  1266 | D:2      | Reached skill level 1 in Spellcasting
  1266 | D:2      | Reached skill level 1 in Evocations
  1334 | D:2      | Received a gift from Nemelex Xobeh
  1476 | D:2      | Reached XP level 4. HP: 38/38 MP: 5/5
  1741 | D:2      | Reached ** piety under Nemelex Xobeh
  2049 | D:3      | Reached skill level 1 in Conjurations
  2049 | D:3      | Reached skill level 1 in Hexes
  2049 | D:3      | Reached skill level 1 in Summonings
  2049 | D:3      | Reached skill level 1 in Necromancy
  2049 | D:3      | Reached skill level 1 in Translocations
  2049 | D:3      | Reached skill level 1 in Transmutations
  2049 | D:3      | Reached skill level 1 in Fire Magic
  2049 | D:3      | Reached skill level 1 in Ice Magic
  2049 | D:3      | Reached skill level 1 in Air Magic
  2049 | D:3      | Reached skill level 1 in Earth Magic
  2049 | D:3      | Reached skill level 1 in Poison Magic
  2068 | D:3      | Reached XP level 5. HP: 24/43 MP: 6/6
  2203 | D:3      | Found an iron altar of Okawaru.
  2288 | D:3      | Gained mutation: You are clumsy. (Dex -2) [potion of
                  | mutation]
  2288 | D:3      | Gained mutation: You have an increased reservoir of magic.
                  | (+10% MP) [potion of mutation]
  2722 | D:3      | Received a gift from Nemelex Xobeh
  2736 | D:3      | Found a blossoming altar of Fedhas.
  2956 | D:3      | You fall into a shaft and drop 2 floors!
  2956 | D:5      | Entered Level 5 of the Dungeon
  2962 | D:5      | Noticed a centaur
  2979 | D:5      | HP: 2/43 [acid (1)]
  2980 | D:5      | Splashed by a jelly's acid

Illustrated notes

Levels and vault maps discovered:
D:1:      dpeg_arrival_pits, layout_basic, serial_forest,
          infiniplex_forest_end_3, infiniplex_forest_clump_double,
          infiniplex_forest_pool, infiniplex_forest_clump_small,
          infiniplex_forest_lined_room_2, infiniplex_forest_clump_small,
          minmay_tromino_v4_b
D:2:      wad_woods_pond, layout_basic, basic_ecumenical_altar,
          minmay_goblin_outpost
D:3:      layout_rooms, nicolae_overflow_hidden_temple,
          nicolae_yredelemnul_corpse_copse, fedhas_altar_fruit_tree,
          okawaru_altar_gauntlet_db, bh_walls_and_bars
D:5:      layout_cave_pools, minmay_temple_entry_large_hall,
          minmay_a_box_with_orc_wizards_in_it

Skill      XL: |  1  2  3  4  5 |
---------------+----------------+-----
Invocations    | 1 |  1.8
Long Blades    | 1 |  1.6
Axes           | 1 |  1.6
Maces & Flails | 1 |  1.6
Polearms       | 1 |  1.6
Staves         | 1 |  1.6
Slings         | 1 |  1.6
Bows           | 1 |  1.6
Crossbows      | 1 |  1.6
Armour         | 1 |  1.6
Shields        | 1 |  1.6
Unarmed Combat | 1 |  1.6
Spellcasting   | 1 |  1.6
Evocations     | 1 |  1.6
Conjurations   | 1 |  1.3
Hexes          | 1 |  1.3
Summonings     | 1 |  1.3
Necromancy     | 1 |  1.3
Translocations | 1 |  1.3
Transmutations | 1 |  1.3
Fire Magic     | 1 |  1.3
Ice Magic      | 1 |  1.3
Air Magic      | 1 |  1.3
Earth Magic    | 1 |  1.3
Poison Magic   | 1 |  1.3
Dodging        | 3 |  3.0
Fighting       | |  4.8
Short Blades   | |  4.8
Throwing       | |  4.8
Stealth        | |  7.9

Action                   |  1- 3 |  4- 6 || total
-------------------------+-------+-------++-------
Melee: Dagger            |    93 |   100 ||   193
       Bite              |     4 |    12 ||    16
Throw: Dart              |     5 |    45 ||    50
       Throwing net      |       |     1 ||     1
  Use: Potion            |       |     2 ||     2
 Stab: Sleeping          |    15 |     3 ||    18
       Distracted        |     1 |       ||     1
Armor: Robe              |     6 |    11 ||    17
Dodge: Dodged            |    39 |    35 ||    74

Table legend: (Time is in decaauts)
 A = Elapsed time spent in this place.
 B = Non-inter-level travel time spent in this place.
 C = Inter-level travel time spent in this place.
 D = Time resting spent in this place.
 E = Time spent auto-exploring this place.
 F = Levels seen in this place.
 G = Mean time per level.
                   A        B        C        D        E       F      G
               +--------+--------+--------+--------+--------+-----+--------+
         Total |   2926 |   2901 |     25 |    765 |   1412 |   4 |  731.5 |
       Dungeon |   2926 |   2901 |     25 |    765 |   1412 |   4 |  731.5 |
               +--------+--------+--------+--------+--------+-----+--------+

Top non-repeatable levels by time:
     D:2: 1361 daAuts
     D:1: 870 daAuts
     D:3: 673 daAuts
     D:5: 21 daAuts
